 Dungeon Crawl Stone Soup version 0.23-a0-143-g1adec7b (webtiles) character file.

95 Amnesiac the Gusty (level 4, -12/33 HPs)
             Began as a Mummy Wanderer on Sept 3, 2018.
             Mangled by a crocodile (15 damage)
             ... in a sewer.
             The game lasted 00:06:56 (1769 turns).

Amnesiac the Gusty (Mummy Wanderer)                 Turns: 1769, Time: 00:06:57

Health: -12/33     AC:  2    Str: 12    XL:     4   Next: 40%
Magic:  3/8        EV: 11    Int: 13    God:
Gold:   85         SH:  0    Dex: 13    Spells: 1/9 levels left

rFire    x . .     SeeInvis .   a - +0 short sword (protect)
rCold    + . .     Gourm    .   (no shield)
rNeg     + + +     Faith    .   d - +0 robe
rPois    ∞         Spirit   .   (no helmet)
rElec    .         Reflect  .   (no cloak)
rCorr    .         Harm     .   (no gloves)
MR       .....                  (no boots)
Stlth    +.........             (no amulet)
HPRegen  0.11/turn              (no ring)
MPRegen  0.11/turn              (no ring)

@: very slightly contaminated
A: no food or potions, fire vulnerability, cold resistance 1, negative energy
resistance 3, torment resistance, unbreathing
a: no special abilities


You were in a sewer.
You were not hungry.

You visited 1 branch of the dungeon, and saw 4 of its levels.
You also visited: Sewer.

You collected 85 gold pieces.

Inventory:

Hand Weapons
 a - a +0 short sword of protection (weapon)
 b - a +0 blowgun
Missiles
 i - 15 poisoned needles
Armour
 d - a +0 robe (worn)
 f - a +0 shield
Scrolls
 c - a scroll of remove curse {!r}
 e - 2 scrolls of teleportation {!r}
 g - a scroll of magic mapping {!r}
 h - a scroll of fear {!r, unknown}


   Skills:
 - Level 2.0 Fighting
   Level 1.5 Bows
 - Level 1.0 Throwing
 - Level 1.0 Armour
 - Level 1.0 Shields
 + Level 3.1 Spellcasting
 - Level 1.0 Summonings
 * Level 3.2 Air Magic


You had one spell level left.
You knew the following spells:

 Your Spells              Type           Power        Failure   Level  Hunger
a - Shock                 Conj/Air       #...         12%         1    N/A
b - Summon Butterflies    Summ           #.......     16%         1    N/A
c - Call Canine Familiar  Summ           #.......     41%         3    N/A
e - Mephitic Cloud        Conj/Pois/Air  #.......     41%         3    N/A

Your spell library contained the following spells:

 Spells                   Type           Power        Failure   Level  Hunger


Dungeon Overview and Level Annotations

Branches:
Dungeon (4/15)
 Temple: D:4-7

Altars:
Okawaru
Ru


Innate Abilities, Weirdness & Mutations

You do not eat or drink.
Your flesh is vulnerable to fire.
You are immune to poison.
Your flesh is cold resistant. (rC+)
You are immune to negative energy. (rN+++)
You are immune to unholy pain and torment.
You can survive without breathing.


Message History

You start resting.
HP restored.
Really read
g - 2 scrolls labeled QUEROSKOZAX {!r}?
As you read the scroll labeled QUEROSKOZAX {!r}, it crumbles to dust.
You feel aware of your surroundings.
It was a scroll of magic mapping {!r}.
You enter the shallow water.
Moving in this stuff is going to be slow.
You enter the shallow water.
Moving in this stuff is going to be slow.
You enter the shallow water.
Moving in this stuff is going to be slow.
You enter the shallow water.
Moving in this stuff is going to be slow.
A crocodile comes into view.
Found a glowing leather armour and 17 gold pieces.
A crocodile is nearby!
Casting: Shock (safe; 12% risk of failure)
Confirm with . or Enter, or press ? or * to list all spells.
Okay, then.
Casting: Shock (safe; 12% risk of failure)
Confirm with . or Enter, or press ? or * to list all spells.
Casting: Call Canine Familiar (slightly dangerous; 41% risk of failure)
Confirm with . or Enter, or press ? or * to list all spells.
Aiming: Shock (safe; 12% risk of failure)
Press: ? - help, Shift-Dir - straight line, f - crocodile
Aim: a crocodile The zap hits the crocodile.
The crocodile is lightly wounded.
Unknown command.
Found a long sword.
The crocodile barely misses you.
Found an agate ring.
Casting: Shock (safe; 12% risk of failure)
Confirm with . or Enter, or press ? or * to list all spells.
Aiming: Shock (safe; 12% risk of failure)
Press: ? - help, Shift-Dir - straight line, f/p - crocodile
Aim: a crocodile (lightly wounded)
You miscast Shock.
You are very lightly contaminated with residual magic.
Nothing appears to happen.
The crocodile bites you!
Unknown command.
Casting: Shock (safe; 12% risk of failure)
Confirm with . or Enter, or press ? or * to list all spells.
Aiming: Shock (safe; 12% risk of failure)
Press: ? - help, Shift-Dir - straight line, f/p - crocodile
Aim: a crocodile (lightly wounded)
The zap hits the crocodile.
The crocodile is lightly wounded.
The zap misses the crocodile.
The crocodile bites you!!
Ouch! That really hurt!
* * * LOW HITPOINT WARNING * * *
Unknown command.
The crocodile bites your hound!
You enter the shallow water.
Moving in this stuff is going to be slow.
Casting: Shock (safe; 12% risk of failure)
Confirm with . or Enter, or press ? or * to list all spells.
Aiming: Shock (safe; 12% risk of failure)
Press: ? - help, Shift-Dir - straight line, f/p - crocodile
Aim: a crocodile (heavily wounded) Really fire in your hound's direction?
You miscast Shock.
Nothing appears to happen.
The crocodile bites you!
You die...

#..!#....#.)÷.#
#######..#..###
#####.......####
#≈≈≈≈≈≈≈≈≈≈≈≈≈≈#
#####..≈≈...####
####≈#### #≈#
##.## #..@#
##..t## #..≈h.#
*#.≈.≈.##
#..≈#≈..#
*#≈.###.≈##
#...* #...#
#≈≈#* ##..# #.≈*
#≈.#


You could see a crocodile and a friendly hound.

Vanquished Creatures
  A bullfrog skeleton (D:4)
  A gnoll (D:1)
  2 adders (D:4)
  A howler monkey skeleton (D:4)
  An ooze (D:4)
  A dart slug (D:1)
  2 orcs (D:4)
  A bat (D:1)
  A giant cockroach (D:1)
  2 goblins
  2 jackals (Sewer)
  4 frilled lizards
  4 kobolds
  2 rats
25 creatures vanquished.

Notes
Turn   | Place    | Note
-------+----------+-------------------------------------------
     0 | D:1      | Amnesiac the Mummy Wanderer began the quest for the Orb.
     0 | D:1      | Amnesiac set off with: a +0 shield, a +0 robe, a +0 dagger
     0 | D:1      | Reached XP level 1. HP: 16/16 MP: 4/4
     2 | D:1      | Learned a level 1 spell: Shock
   238 | D:1      | Reached skill level 1 in Air Magic
   238 | D:1      | Reached XP level 2. HP: 5/22 MP: 0/6
   782 | D:2      | Found an iron altar of Okawaru.
  1027 | D:4      | Reached XP level 3. HP: 15/27 MP: 0/7
  1030 | D:4      | Learned a level 1 spell: Summon Butterflies
  1034 | D:4      | Learned a level 3 spell: Mephitic Cloud
  1158 | D:4      | Found a sacrificial altar of Ru.
  1174 | D:4      | Reached XP level 4. HP: 26/33 MP: 0/8
  1217 | D:4      | Learned a level 3 spell: Call Canine Familiar
  1286 | D:4      | Found a glowing drain.
  1447 | Sewer    | Entered a sewer
  1746 | Sewer    | Noticed a crocodile
  1769 | Sewer    | Mangled by a crocodile

Vault maps used:
D:1:      erik_arrival_cave_to_civilisation
D:2:      lemuel_doored_altar, marbit_many_paths,
          nicolae_dithmenos_through_a_glass_darkly, first_ration,
          minmay_randomly_rotated_circles
D:3:      uniq_crazy_yiuf_cottage
D:4:      zin_statuary, overflow_temple_1_default, portal_sewer_entry_d,
          st_stairs_7
Sewer:    sewer_the_crocodile

Skill      XL: |  1  2  3  4 |
---------------+-------------+-----
Spellcasting   | 3 |  3.1
Air Magic      | 1 2 3 |  3.2
Fighting       | |  2.0
Bows           | |  1.5
Throwing       | |  1.0
Armour         | |  1.0
Shields        | |  1.0
Summonings     | |  1.0

Action                   |  1- 3 |  4- 6 || total
-------------------------+-------+-------++-------
Melee: Dagger            |     5 |    20 ||    25
 Cast: Shock             |    54 |    20 ||    74
       Call Canine Famil |       |     1 ||     1
  Use: Scroll            |     3 |     1 ||     4
Armor: Robe              |     3 |     6 ||     9
Dodge: Dodged            |    31 |    34 ||    65

Table legend:
 A = Non-vault XP
 B = Vault XP
 C = Vault XP percentage of total XP
 D = Non-vault monster count
 E = Vault monster count
 F = Vault count percentage of total count
                 A         B        C        D         E       F
            +---------+---------+-------+---------+---------+-------
      Total |     108 |      29 |  21.2 |      18 |       7 |  28.0
            +---------+---------+-------+---------+---------+-------
        D:1 |      28 |       0 |   0.0 |       8 |       0 |   0.0
        D:2 |       4 |       0 |   0.0 |       3 |       0 |   0.0
        D:3 |       2 |       0 |   0.0 |       2 |       0 |   0.0
        D:4 |      74 |      21 |  22.1 |       5 |       2 |  28.6
      Sewer |       0 |       8 | 100.0 |       0 |       5 | 100.0
            +---------+---------+-------+---------+---------+-------
